 Dungeon Crawl Stone Soup version 0.19.4 (webtiles) character file.

56 Gargoyl the Skirmisher (level 3, -6/33 HPs)
             Began as a Ghoul Abyssal Knight on Feb 4, 2017.
             Was a Follower of Lugonu.
             Mangled by Sigmund
             ... wielding a +0 scythe
              (8 damage)
             ... on level 2 of the Dungeon.
             The game lasted 00:03:00 (806 turns).

Gargoyl the Skirmisher (Ghoul Abyssal Knight)        Turns: 806, Time: 00:03:01

Health: -6/33      AC:  3    Str: 15    XL:     3   Next: 97%
Magic:  4/4        EV: 11    Int:  7    God:    Lugonu [*.....]
Gold:   93         SH: 12    Dex: 14    Spells: 0 memorised, 2 levels left

rFire  . . .     SeeInvis .     a - +1 hand axe
rCold  + . .     Gourm    .     b - +0 leather armour
rNeg   + + +     Faith    .     f - +2 large shield
rPois  ∞         Spirit   .     (no helmet)
rElec  .         Reflect  .     (no cloak)
rCorr  .         Harm     .     (no gloves)
MR     +....                    (no boots)
Stlth  ++........               (no amulet)
                                (no ring)
                                d - ring of protection from magic

@: agile, rotting
A: rotting body, claws 1, carnivore 3, cold resistance 1, negative energy
resistance 3, slow regeneration 1, torment resistance, unbreathing
a: Depart the Abyss, Renounce Religion


You were on level 2 of the Dungeon.
You worshipped Lugonu.
Lugonu was aware of your devotion.
You were not hungry.

You visited 1 branch of the dungeon, and saw 2 of its levels.
You visited the Abyss 1 time.

You collected 93 gold pieces.

Inventory:

Hand Weapons
 a - a +1 hand axe (weapon)
Armour
 b - a +0 leather armour (worn)
 f - a +2 large shield (worn)
Jewellery
 d - a ring of protection from magic (left claw)
 l - a cursed -2 ring of evasion {unknown}
Scrolls
 g - 2 scrolls of identify
 j - a scroll of noise {unknown}
 k - 2 scrolls of remove curse
Comestibles
 c - a meat ration
 h - 2 chunks of flesh


   Skills:
 + Level 3.8 Fighting
 + Level 2.0 Axes
 * Level 2.1 Armour
 + Level 1.3 Dodging
 + Level 0.1 Shields
 * Level 3.0 Invocations


You had 2 spell levels left.
You didn't know any spells.

Dungeon Overview and Level Annotations

Branches:
Dungeon (2/15)

Altars:
Zin

Annotations:
D:2 Sigmund


Innate Abilities, Weirdness & Mutations

Your body is rotting away.
You thrive on raw meat.
You are immune to poison.
You have sharp fingernails.
You are carnivorous and can eat meat at any time.
Your flesh is cold resistant. (rC+)
You are immune to negative energy. (rN+++)
You regenerate slowly when monsters are visible.
You are immune to unholy pain and torment.
You can survive without breathing.


Message History

Your shield prevents you from hitting Sigmund.
Sigmund is severely wounded.
You block Sigmund's attack.
You closely miss Sigmund.
Sigmund is severely wounded.
You block Sigmund's attack.
You completely miss Sigmund.
Sigmund is severely wounded.
Sigmund hits you with a scythe.
* * * LOW HITPOINT WARNING * * *
You hit Sigmund.
Sigmund is severely wounded.
Sigmund casts a spell.
Sigmund flickers and vanishes!
Deactivating autopickup; reactivate with Ctrl-A.
Something hits you.
* * * LOW HITPOINT WARNING * * *
Your shield prevents you from hitting something.
Something hits you!
You die...

##############
.............#
.........###.# #####
########.# #.# ##.....
#.# #.####....... #.#
#.##.........
########.###.##.........
................@{......
###......##.....#..♣._.♣
..#...........#####♣ .
#.#.# ##.##>..# #.#.####
#....# ........ #.##.#
....### ... ...
#.#.####.#. #.#
.........#


There were no monsters in sight!

Vanquished Creatures
  An adder (D:2)
  2 dart slugs (D:1)
  2 giant cockroaches (D:1)
  2 goblins (D:1)
  4 hobgoblins
  8 jackals (D:1)
  5 kobolds (D:1)
  3 ball pythons (D:1)
  6 bats
  6 rats
39 creatures vanquished.

Notes
Turn   | Place    | Note
-------+----------+-------------------------------------------
     0 | Abyss:1  | Gargoyl the Ghoul Abyssal Knight began the quest for the Orb.
     0 | Abyss:1  | Reached XP level 1. HP: 19/19 MP: 1/1
    44 | Abyss:2  | Noticed a ynoxinul
    46 | D:1      | Escaped the Abyss
   124 | D:1      | Reached XP level 2. HP: 11/26 MP: 2/2
   182 | D:1      | Reached skill level 1 in Dodging
   203 | D:1      | Reached * piety under Lugonu
   265 | D:1      | Reached XP level 3. HP: 16/33 MP: 2/4
   776 | D:2      | Noticed Sigmund
   777 | D:2      | Found a glowing silver altar of Zin.
   806 | D:2      | Mangled by Sigmund

Skill      XL: |  1  2  3 |
---------------+----------+-----
Dodging        | 1 |  1.3
Armour         | 2 |  2.1
Axes           | 2 |  2.0
Invocations    | 3 |  3.0
Fighting       | |  3.8
Shields        | |  0.1

Action                   || total
-------------------------++-------
Melee: Hand axe          ||   142
Invok: Depart the Abyss  ||     1
  Use: Scroll            ||     2
       Potion            ||     2
  Eat: Chunk             ||    27
Armor: Leather armour    ||    73
Dodge: Dodged            ||   101
Block: Large shield      ||    63
